 Dungeon Crawl Stone Soup version 0.21-a0-513-gdcb3f5e (console) character file.

15880 nht the Grappler (level 12, 0/122 HPs)
             Began as a Troll Fighter on Dec 1, 2017.
             Was an Elder of Wu Jian.
             Slain by a two-headed ogre
             ... wielding a +0 dire flail
              (24 damage)
             ... on level 13 of the Dungeon.
             The game lasted 00:27:29 (8500 turns).

nht the Grappler (Troll Fighter)                    Turns: 8500, Time: 00:27:30

Health: 0/122      AC:  5    Str: 36    XL:     12   Next: 5%
Magic:  11/11      EV: 10    Int:  4    God:    Wu Jian [****..]
Gold:   695        SH: 13    Dex: 13    Spells: 11/11 levels left

rFire    . . .     SeeInvis .     - Unarmed
rCold    . . .     Gourm    +   b - +1 shield
rNeg     + . .     Faith    .   a - +0 robe
rPois    .         Spirit   .   (helmet restricted)
rElec    .         Reflect  .   y - scarf {repulsion}
rCorr    .         Harm     .   (gloves unavailable)
MR       .....     Clarity  +   (boots unavailable)
Stlth    ++........             (no amulet)
HPRegen  0.70/turn              C - ring of positive energy
MPRegen  0.12/turn              B - +4 ring of dexterity

@: mighty, repel missiles
A: large, unfitting armour, claws 3, thin skeletal structure 1, clarity, clumsy
1, fast metabolism 3, gourmand, regeneration 1, shaggy fur 1, tough skin 2
a: Serpent's Lash, Renounce Religion


You were on level 13 of the Dungeon.
You worshipped Wu Jian.
Wu Jian was greatly pleased with you.
You were full.

You visited 2 branches of the dungeon, and saw 14 of its levels.
You also visited: Labyrinth and Ossuary.

You collected 695 gold pieces.

Inventory:

Hand Weapons
 K - a +0 blowgun
Missiles
 e - 6 tomahawks
 f - 11 needles of sleeping
 n - 51 poisoned needles
 r - 3 exploding tomahawks (quivered)
 w - 4 javelins
Armour
 a - a +0 robe (worn)
 b - a +1 shield (worn)
 y - a scarf of repulsion (worn)
Jewellery
 p - an uncursed ring of flight
 B - a +4 ring of dexterity (right claw)
 C - a ring of positive energy (left claw)
Wands
 c - a wand of polymorph (48)
 l - a wand of digging (21)
 t - a wand of random effects (23)
 E - a wand of enslavement (8)
Scrolls
 h - 13 scrolls of remove curse
 i - 4 scrolls of blinking
 j - 6 scrolls of identify
 v - 3 scrolls of fog
 F - a scroll of enchant armour
 G - a scroll of teleportation
Potions
 g - 2 potions of mutation
 k - 2 potions of cancellation
 o - 9 potions of curing
 M - a potion of flight
Books
 D - a book of Misfortune

   Spells                             Type                      Level
   a - Confusing Touch                Hexes                        1
   b - Confuse                        Hexes                        3
   c - Gell's Gravitas                Translocation                3
   d - Petrify                        Transmutation/Earth          4
   e - Metabolic Englaciation         Hexes/Ice                    5
   f - Yara's Violent Unravelling     Hexes/Transmutation          5
 H - a book of Cantrips

   Spells                             Type                      Level
   a - Confusing Touch                Hexes                        1
   b - Animate Skeleton               Necromancy                   1
   c - Summon Small Mammal            Summoning                    1
   d - Apportation                    Translocation                1
Comestibles
 d - 10 bread rations
 m - 8 fruits
 q - 4 royal jellies
 z - 6 meat rations


   Skills:
 + Level 8.4 Fighting
 - Level 2.4 Dodging
 + Level 8.4 Shields
 + Level 14.1 Unarmed Combat


You had 11 spell levels left.
You didn't know any spells.

Dungeon Overview and Level Annotations

Branches:
Dungeon (14/15)            Temple (1/1) D:5            Lair (0/6) D:11
    Orc (0/2) D:9
 Vaults: D:13-14

Altars:
Ashenzari
Dithmenos
Elyvilon
Fedhas
Gozag
Hepliaklqana
Kikubaaqudgha
Okawaru
Trog
Uskayaw
Vehumet
Wu Jian
Beogh

Shops:
D:4 }   D:7 (


Innate Abilities, Weirdness & Mutations

You are too large for most types of armour.
You have claws for hands.
Your metabolism is lightning-fast.
You like to eat raw meat.
Your natural rate of healing is unusually fast.
You are covered in fur. (AC +1)
You have very tough skin. (AC +2)
You have a somewhat thin skeletal structure. (Dex +2, Stealth)
You possess an exceptional clarity of mind.
You are clumsy. (Dex -2)


Message History

* * * LOW HITPOINT WARNING * * *
You spin and attack the orc.
You mangle the orc!!
You kill the orc!
The Council accepts your kill.
You spin and attack the orc repeatedly.
You mangle the orc!!
You kill the orc!
The Council accepts your kill.
You repeatedly attack the two-headed ogre from above.
You mangle the two-headed ogre!!
The two-headed ogre is heavily wounded.
You scratch the two-headed ogre.
The two-headed ogre is heavily wounded.
You claw the two-headed ogre!
The two-headed ogre is severely wounded.
The centaur warrior shoots an arrow.
You block the arrow.
The two-headed ogre hits you with a dire flail!
* * * LOW HITPOINT WARNING * * *
You block the two-headed ogre's attack.
The two-headed ogre hits you with a dire flail!!
You die...

█.... ....... ...
.██....c ...
......███. ...
.........
██.██........
......§.... █..§§█ .█
█§§c█ .███ ██§o██
█...█ █.O@███.█.█████.
█......█§§.█.........
...███████........$..█
██.█....... █....█..█
███....█ █.>█.... █..█
... █..█ . .... .█████


You could see a centaur warrior, a two-headed ogre and an orc.

Vanquished Creatures
  Rupert (D:14)
  A minotaur (Lab)
  3 two-headed ogres
  A centaur warrior (D:13)
  The ghost of Gildeon the Severer, a novice MiFi of Dithmenos (D:10)
  A tengu warrior (D:14)
  Pikel (D:7)
  An ugly thing (D:14)
  A tengu conjurer (D:14)
  A troll (D:13)
  A hippogriff (D:2)
  A spriggan (D:7)
  A wyvern (D:13)
  5 yaks (D:14)
  A fire elemental (D:11)
  2 insubstantial wisps (D:9)
  A steam dragon (D:9)
  2 water moccasins
  3 orc warriors
  An ice beast (D:8)
  3 phantoms
  A slave (D:7)
  5 sky beasts
  6 ogres
  3 centaurs
  3 big kobolds
  2 crocodiles
  5 bullfrogs
  An elf zombie (Ossuary)
  4 scorpions
  12 killer bees
  12 wights
  2 howler monkeys (D:8)
  9 crimson imps
  2 quasits (D:9)
  4 jellies
  A gnoll shaman (D:4)
  A centaur zombie (D:10)
  3 hounds
  2 bullfrog skeletons (D:8)
  6 orc priests
  12 orc wizards
  A centaur skeleton (D:8)
  Jessica (D:2)
  2 iguanas
  8 worker ants
  A killer bee zombie (D:7)
  3 big kobold zombies (Ossuary)
  2 mummies (Ossuary)
  A hound zombie (D:8)
  A hound skeleton (D:4)
  A howler monkey zombie (D:9)
  2 worker ant zombies
  7 gnolls
  8 adders
  4 shadow imps
  An ooze (D:6)
  3 adder skeletons
  5 dart slugs (D:1)
  5 leopard geckos
  33 orcs
  A ball python (D:6)
  6 bats
  3 giant cockroaches
  3 goblins (D:1)
  6 hobgoblins
  22 jackals
  6 quokkas
  7 frilled lizards
  3 goblin zombies (Ossuary)
  7 hobgoblin zombies (Ossuary)
  2 jackal zombies (Ossuary)
  16 kobolds
  9 kobold zombies (Ossuary)
  A leopard gecko skeleton (D:4)
  11 orc zombies (Ossuary)
  3 rats
  A rat zombie (Ossuary)
325 creatures vanquished.

Vanquished Creatures (others)
  A sky beast (D:9)
  A wight (D:6)
  A gnoll (D:7)
3 creatures vanquished.

Grand Total: 328 creatures vanquished

Notes
Turn   | Place    | Note
-------+----------+-------------------------------------------
     0 | D:1      | nht the Troll Fighter began the quest for the Orb.
     0 | D:1      | Reached XP level 1. HP: 22/22 MP: 0/0
   117 | D:1      | Reached XP level 2. HP: 19/29 MP: 1/1
   190 | D:1      | Reached skill level 3 in Unarmed Combat
   276 | D:1      | Reached XP level 3. HP: 32/36 MP: 2/2
  1113 | D:2      | Found a shattered altar of Ashenzari.
  1115 | D:2      | Found a white marble altar of Elyvilon.
  1116 | D:2      | Found a bloodstained altar of Trog.
  1116 | D:2      | Noticed a hippogriff
  1119 | D:2      | Found a transporter.
  1131 | D:2      | Found a transporter.
  1163 | D:2      | Noticed Jessica
  1168 | D:2      | Killed Jessica
  1168 | D:2      | Reached skill level 4 in Unarmed Combat
  1168 | D:2      | Reached XP level 4. HP: 44/44 MP: 3/3
  1477 | D:2      | Killed a hippogriff
  1477 | D:2      | Reached skill level 6 in Unarmed Combat
  1477 | D:2      | Reached XP level 5. HP: 14/50 MP: 4/4
  1478 | D:2      | Reached XP level 6. HP: 13/59 MP: 5/5
  2375 | D:4      | Reached skill level 7 in Unarmed Combat
  2515 | D:4      | Reached XP level 7. HP: 60/66 MP: 6/6
  2519 | D:4      | Reached skill level 8 in Unarmed Combat
  2619 | D:4      | Found Tauwn's Gadget Emporium.
  2755 | D:4      | Gained mutation: You are clumsy. (Dex -2) [potion of mutation]
  2755 | D:4      | Gained mutation: You have a somewhat thin skeletal structure. (Dex +2, Stealth) [potion of mutation]
  2755 | D:4      | Gained mutation: You possess an exceptional clarity of mind. [potion of mutation]
  2806 | D:4      | Reached skill level 9 in Unarmed Combat
  2877 | D:5      | Entered Level 5 of the Dungeon
  2929 | D:5      | Found a staircase to the Ecumenical Temple.
  2947 | Temple   | Entered the Ecumenical Temple
  2964 | Temple   | Became a worshipper of the Wu Jian Council
  3014 | D:5      | Reached XP level 8. HP: 57/74 MP: 7/7
  3141 | D:5      | Reached skill level 10 in Unarmed Combat
  3436 | D:5      | Reached * piety under Wu Jian
  3741 | D:6      | Reached skill level 11 in Unarmed Combat
  4344 | D:6      | Reached XP level 9. HP: 65/81 MP: 8/8
  4420 | D:6      | Noticed a two-headed ogre
  4427 | D:6      | Killed a two-headed ogre
  4432 | D:6      | Reached ** piety under Wu Jian
  4665 | D:7      | Found a sand-covered staircase.
  4669 | Ossuary  | Entered an ossuary
  4913 | D:7      | Found Romuysipt's Weapon Shop.
  4958 | D:7      | Reached skill level 12 in Unarmed Combat
  4964 | D:7      | Noticed Pikel
  4977 | D:7      | Killed Pikel
  4977 | D:7      | Reached skill level 5 in Fighting
  4977 | D:7      | Reached skill level 5 in Shields
  5046 | D:7      | Reached *** piety under Wu Jian
  5232 | D:7      | Reached XP level 10. HP: 89/96 MP: 9/9
  5614 | D:8      | Reached **** piety under Wu Jian
  5768 | D:8      | Noticed a two-headed ogre
  5775 | D:8      | Killed a two-headed ogre
  5807 | D:9      | Found a staircase to the Orcish Mines.
  5812 | D:9      | Found a roughly hewn altar of Beogh.
  5936 | D:9      | Noticed a two-headed ogre
  5957 | D:9      | Killed a two-headed ogre
  6139 | D:9      | Reached skill level 13 in Unarmed Combat
  6529 | D:9      | Found an iron altar of Okawaru.
  6636 | D:9      | Reached XP level 11. HP: 104/107 MP: 10/10
  6660 | D:9      | Reached ***** piety under Wu Jian
  6848 | D:9      | wtf is pinned if it doesn't pin enemies?
  6938 | D:10     | Entered Level 10 of the Dungeon
  6997 | D:10     | Noticed Gildeon's ghost (novice MiFi)
  7005 | D:10     | Killed Gildeon's ghost
  7828 | D:11     | Found a staircase to the Lair.
  7939 | D:11     | You fall through a shaft for 3 floors!
  7951 | D:14     | Noticed Rupert
  7969 | D:14     | Paralysed by Rupert for 2 turns
  7975 | D:14     | Killed Rupert
  8108 | D:14     | Noticed a tengu warrior
  8113 | D:14     | Killed a tengu warrior
  8115 | D:14     | Noticed a white ugly thing
  8115 | D:14     | Noticed a white ugly thing
  8116 | D:14     | Noticed a white ugly thing
  8117 | D:14     | Noticed a white ugly thing
  8117 | D:14     | Noticed a white ugly thing
  8117 | D:14     | Noticed a white ugly thing
  8124 | D:14     | Killed a green ugly thing
  8124 | D:14     | HP: 1/111 [white ugly thing (33)]
  8139 | D:14     | Noticed a deep elf mage
  8146 | D:13     | Found a labyrinth entrance.
  8152 | D:13     | Noticed a centaur warrior
  8154 | Lab      | Entered a labyrinth
  8456 | Lab      | Noticed a minotaur
  8459 | Lab      | Killed a minotaur
  8459 | Lab      | Reached skill level 14 in Unarmed Combat
  8493 | D:13     | Noticed a centaur warrior
  8493 | D:13     | Killed a centaur warrior
  8493 | D:13     | Reached XP level 12. HP: 68/122 MP: 11/11
  8494 | D:13     | Noticed a two-headed ogre
  8500 | D:13     | Slain by a two-headed ogre

Vault maps used:
D:1:      lightli_arrival_maybe_door_vault
D:2:      gammafunk_temple_overflow_arena, first_bread, minmay_pentomino_v2,
          uniq_jessica
D:4:      serial_shops, nicolae_shop_temple_entry_statues_fountains,
          minmay_joined_circles
D:5:      minmay_temple_entry_grid
D:7:      serial_shops, shop, enter_ossuary_5, the_bakery, uniq_pikel
D:9:      kennysheep_mini, minmay_orc_entry_temple_small, hangedman_misty_isle
D:10:     minivault_5
D:11:     kennysheep_path_1, grunt_gozag_breadcrumbs
D:13:     erik_vaults_2, lab_entry_generic, serial_corexii_hall,
          corexii_hall_statues_u, corexii_hall_statues_l, uniq_josephine
D:14:     minivault_11, lemuel_mausoleum_altar_yredelemnul, uniq_rupert,
          uniq_nessos, uniq_azrael
Temple:   compressed_dpeg_circular_temple
Lab:      nicolae_lab_grate, nicolae_lab_arrow
Ossuary:  ossuary_tomb_1

Skill      XL: |  1  2  3  4  5  6  7  8  9 10 11 |
---------------+----------------------------------+-----
Unarmed Combat | 3 4 6 7 9 11 12 13 14 | 14.1
Fighting       | 3 5 6 8 |  8.4
Shields        | 3 5 6 8 |  8.4
Dodging        | |  2.4

Action                   |  1- 3 |  4- 6 |  7- 9 | 10-12 || total
-------------------------+-------+-------+-------+-------++-------
Melee: Unarmed           |    76 |    63 |   371 |   380 ||   890
Throw: Tomahawk          |    13 |       |     6 |       ||    19
Invok: Serpent's Lash    |       |       |       |     1 ||     1
       Heavenly Storm    |       |       |       |     1 ||     1
Evoke: Wand              |       |       |    14 |    27 ||    41
  Use: Potion            |       |     3 |     8 |     4 ||    15
       Scroll            |       |       |    13 |     6 ||    19
 Stab: Sleeping          |       |       |     3 |     4 ||     7
  Eat: Chunk             |    15 |    14 |    24 |    28 ||    81
Armor: Robe              |    28 |    15 |    50 |    57 ||   150
       Skin              |       |       |    55 |       ||    55
Dodge: Dodged            |    17 |    23 |    89 |    77 ||   206
       Deflected         |       |       |     2 |     2 ||     4
Block: Shield            |    32 |    39 |   125 |   150 ||   346

Table legend:
 A = Spawn XP
 B = Non-spawn XP
 C = Spawn XP percentage of total XP
 D = Spawn monster count
 E = Non-spawn monster count
 F = Spawn count percentage of total count
 G = Total turns spent on level
                    A         B        C        D         E        F      G
               +---------+---------+-------+---------+---------+-------+---------
         Total |       0 |   22687 |   0.0 |       0 |     325 |   0.0 |  8500
               +---------+---------+-------+---------+---------+-------+---------
           D:1 |       0 |      48 |   0.0 |       0 |      22 |   0.0 |   717
           D:2 |       0 |     357 |   0.0 |       0 |      15 |   0.0 |   824
           D:3 |       0 |      26 |   0.0 |       0 |       7 |   0.0 |   780
           D:4 |       0 |     904 |   0.0 |       0 |      38 |   0.0 |   556
           D:5 |       0 |     728 |   0.0 |       0 |      32 |   0.0 |   844
           D:6 |       0 |    1951 |   0.0 |       0 |      27 |   0.0 |   841
           D:7 |       0 |    1405 |   0.0 |       0 |      20 |   0.0 |   682
           D:8 |       0 |    2182 |   0.0 |       0 |      32 |   0.0 |   326
           D:9 |       0 |    3549 |   0.0 |       0 |      42 |   0.0 |  1135
          D:10 |       0 |    1885 |   0.0 |       0 |      17 |   0.0 |   890
          D:11 |       0 |     829 |   0.0 |       0 |      17 |   0.0 |   111
          D:13 |       0 |    1602 |   0.0 |       0 |       7 |   0.0 |    23
          D:14 |       0 |    5898 |   0.0 |       0 |       9 |   0.0 |   206
           Lab |       0 |    1085 |   0.0 |       0 |       1 |   0.0 |   332
       Ossuary |       0 |     238 |   0.0 |       0 |      39 |   0.0 |   206
               +---------+---------+-------+---------+---------+-------+---------
